cohdb
Replays
Latest Replays
All Replays
Popular Replays
Top Player Replays
Match Explorer
How It Works
Community
CoH3 Stats
Reddit
Sign in to upload your games and track your stats! →
Sign in with Steam
Match 46918594
Unlisted
Match 46918594
Overview
Messages
Build Orders
End
Kradschützen Motorcycle Team
Panzergrenadier Squad
Panzergrenadier Squad
250 Light Carrier
Construct Light Support Kompanie
Selects Italian Infantry
Combat Half-tracks
Fire Support Elements
Selects Guastatori Squad
Selects L6/40 Light Tank Combat Group
Panzerjäger Mechanized Group
L6/40 Light Tank Combat Group
Kradschützen Motorcycle Team
XXxxxGxxxXX
woof_raff
0
0
Comments
sign in to comment!
No comments posted yet!